 Dungeon Crawl Stone Soup version 0.24.0-2-g5b39cebb1c (webtiles) character file.

Game seed: 16970871413467818987, levelgen mode: deterministic

56 Masnef the Caller (level 3, -2/19 HPs)
             Began as a Deep Elf Summoner on Oct 31, 2019.
             Slain by a hobgoblin
             ... wielding a +0 club
              (4 damage)
             ... on level 3 of the Dungeon.
             The game lasted 00:10:22 (3000 turns).

Masnef the Caller (Deep Elf Summoner)               Turns: 3000, Time: 00:10:23

Health: -2/19      AC:  2    Str:  5    XL:     3   Next: 69%
Magic:  2/10       EV: 13    Int: 20    God:
Gold:   84         SH:  0    Dex: 15    Spells: 3/9 levels left

rFire    . . .     SeeInvis .   e - +0 dagger
rCold    . . .     Gourm    .   (no shield)
rNeg     . . .     Faith    .   a - +0 robe
rPois    .         Spirit   .   (no helmet)
rElec    .         Reflect  .   (no cloak)
rCorr    .         Harm     .   (no gloves)
MR       .....                  (no boots)
Stlth    ++........             (no amulet)
HPRegen  0.06/turn              (no ring)
MPRegen  0.12/turn              (no ring)

@: no status effects
A: no striking features
a: no special abilities


You were on level 3 of the Dungeon.
You were near starving.

You visited 1 branch of the dungeon, and saw 3 of its levels.

You collected 84 gold pieces.

Inventory:

Hand Weapons
 e - a +0 dagger (weapon)
Armour
 a - a +0 robe (worn)
Scrolls
 f - 3 scrolls of teleportation {unknown}
 g - a scroll of magic mapping {unknown}
 h - a scroll of enchant armour {unknown}
 j - 2 scrolls of identify {unknown}
 l - 2 scrolls of enchant weapon {unknown}
 n - a scroll of immolation {unknown}
 o - 2 scrolls of remove curse {unknown}
Potions
 b - a potion of degeneration {unknown}
 d - 2 potions of heal wounds {unknown}
 i - a potion of might {unknown}
 k - 2 potions of curing {unknown}
Comestibles
 c - 3 rations


   Skills:
 + Level 0.2 Fighting
 + Level 0.3 Short Blades
 + Level 3.2 Dodging
 + Level 2.8 Stealth
 + Level 3.6 Spellcasting
 + Level 5.0 Summonings


You had 3 spell levels left.
You knew the following spells:

 Your Spells              Type           Power        Failure   Level  Hunger
a - Summon Small Mammal   Summ           ###.         1%          1    None
b - Call Imp              Summ           ###.....     2%          2    ##.....
c - Call Canine Familiar  Summ           ###.....     4%          3    ###....

Your spell library contained the following spells:

 Spells                   Type           Power        Failure   Level  Hunger
 Summon Guardian Golem    Hex/Summ       ##......     14%         3    ###....
 Summon Ice Beast         Ice/Summ       ##......     43%         4    ####...
 Summon Lightning Spire   Summ/Air       ##......     43%         4    ####...


Dungeon Overview and Level Annotations

Branches:
Dungeon (3/15)

Altars:


Message History

You swap places.
The bat closely misses you.
Your hound closely misses the bat.
The orc hits you with a +0 hand axe.
The orc hits your white imp but does no damage.
Unknown command.
The bat barely misses your hound.
Your white imp closely misses the orc.
Unknown command.
The bat hits your white imp.
Your hound misses the bat.
The orc priest begins to cast a cantrip, but forgets the words!
Your white imp hits the orc.
Your white imp freezes the orc.
Your crimson imp blinks!
The orc hits you with a +0 hand axe.
* * * LOW HITPOINT WARNING * * *
The orc barely misses your iron imp. The orc closely misses your white imp.
Your white imp closely misses the orc.
There is a stone staircase leading up here.
The bat barely misses your iron imp. The bat closely misses your iron imp.
Your hound bites the bat.
The bat dies!
The hobgoblin hits you with a +0 club.
You die...

#############
#...........#
#...........#
###...........#
..............#
..............#
.......%o.....###.
.......@g5.o......
.....#.5#.5.......
#.## #..#.h.......
# #......o.....
...#.........
.####........# ..
.......... .
#.#.#..###


You could see an orc priest, 2 orcs, a hobgoblin, a friendly hound, a friendly
iron imp, a friendly crimson imp and a friendly white imp.

Vanquished Creatures
  2 dart slugs
  3 goblins
  A hobgoblin (D:1)
  A quokka (D:2)
  6 bats
  A frilled lizard (D:1)
  A kobold (D:2)
15 creatures vanquished.

Vanquished Creatures (collateral kills)
  2 adders (D:2)
  An ooze (D:2)
  A worm (D:2)
  A dart slug (D:2)
  2 bats
  2 giant cockroaches (D:1)
  3 goblins (D:1)
  5 hobgoblins
  2 quokkas
  A ball python (D:3)
  3 frilled lizards
  7 kobolds
30 creatures vanquished.

Grand Total: 45 creatures vanquished

Notes
Turn   | Place    | Note
-------+----------+-------------------------------------------
     0 | D:1      | Masnef the Deep Elf Summoner began the quest for the Orb.
     0 | D:1      | Reached XP level 1. HP: 10/10 MP: 6/6
   368 | D:1      | Reached XP level 2. HP: 15/15 MP: 5/8
   372 | D:1      | Learned a level 2 spell: Call Imp
  1295 | D:2      | Reached XP level 3. HP: 8/19 MP: 4/9
  1576 | D:2      | Learned a level 3 spell: Call Canine Familiar
  2130 | D:2      | Reached skill level 5 in Summonings
  3000 | D:3      | Slain by a hobgoblin

Levels and vault maps discovered:
D:1:      grunt_arrival_lava_bath, layout_basic
D:2:      layout_loops_ring
D:3:      layout_basic, minmay_quantized, uniq_crazy_yiuf_cottage

Skill      XL: |  1  2  3 |
---------------+----------+-----
Dodging        | 3 |  3.2
Summonings     | 5 |  5.0
Fighting       | |  0.2
Short Blades   | |  0.3
Stealth        | |  2.8
Spellcasting   | |  3.6

Action                   || total
-------------------------++-------
Melee: Unarmed           ||     7
       Dagger            ||   133
 Cast: Summon Small Mamm ||    21
       Call Imp          ||    20
       Call Canine Famil ||     6
 Stab: Sleeping          ||     7
       Distracted        ||     1
  Eat: Chunk             ||     6
Armor: Robe              ||    35
Dodge: Dodged            ||   106
